 Seeded DCSS version 0.29.1-15-g9cfb28693d (webtiles) character file.

Game seed: 10614821823285957353 (custom seed)

78 Smoke131 the Trooper (level 4, -1/48 HPs)
             Began as an Ogre Gladiator on Feb 28, 2023.
             Slain by Pargi (7 damage)
             ... in a sewer.
             The game lasted 00:04:01 (2012 turns).

Smoke131 the Trooper (Ogre Gladiator)               Turns: 2012, Time: 00:04:02

Health: -1/48      AC:  4    Str: 20    XL:     4   Next: 36%
Magic:  4/4        EV:  8    Int:  9    God:
Gold:   80         SH:  6    Dex: 10    Spells: 3/3 levels left

rFire   . . .      SeeInvis .   a - +0 war axe
rCold   . . .      Faith    .   q - +0 kite shield
rNeg    . . .      Spirit   .   b - +0 robe
rPois   .          Reflect  .   c - +0 hat
rElec   .          Harm     .   p - +0 cloak
rCorr   .          Rampage  .   (gloves unavailable)
Will    .....                   (boots unavailable)
Stlth   +.........              k - amulet of regeneration
HPRegen 0.96/turn               (no ring)
MPRegen 0.09/turn               (no ring)

@: no status effects
A: large, unfitting armour, tough skin 1
a: no special abilities


You were in a sewer.
You visited 1 branch of the dungeon, and saw 3 of its levels.
You also visited: Sewer.

You collected 80 gold pieces.

Inventory:

Hand Weapons
 a - a +0 war axe (weapon)
Missiles
 d - 2 throwing nets
 e - a large rock (quivered)
 j - 24 stones
 n - 4 boomerangs
Armour
 b - a +0 robe (worn)
 c - a +0 hat (worn)
 p - a +0 cloak (worn)
 q - a +0 kite shield (worn)
Jewellery
 k - an amulet of regeneration (around neck)
Scrolls
 f - 3 scrolls of teleportation {unknown}
 l - a scroll of butterflies {unknown}
 m - a scroll of blinking {unknown}
 o - a scroll of amnesia {unknown}
 r - a scroll of identify {unknown}
 s - a scroll of noise {unknown}
Potions
 g - a potion of attraction {unknown}
 h - a potion of curing {unknown}
 i - a potion of flight {unknown}


   Skills:
 + Level 3.8 Fighting
 + Level 3.5 Axes
 + Level 2.8 Throwing
 - Level 3.0 Dodging
 + Level 1.0 Shields


You had 3 spell levels left.
You didn't know any spells.
Your spell library was empty.

Dungeon Overview and Level Annotations

Branches:
Dungeon (3/15)              Sewer (1/1)

Altars:

Shops:
D:1 *[[

Annotations:
Sewer Pargi


Innate Abilities, Weirdness & Mutations

You are too large for most types of armour.
You have tough skin. (AC +1)


Message History

Press: ? - help, Q - select action, (/) - cycle Shift-Dir - straight line, f/p - Pargi
Aim: Pargi (lightly wounded, 50% to hit)
You throw a large rock. The large rock closely misses Pargi.
You hear a splash.
You block Pargi's attack. Pargi barely misses you. Pargi closely misses you.
Pargi bites you!
* * * LOW HITPOINT WARNING * * *
Pargi claws you but does no damage. Pargi barely misses you.
Throw: 4 large rocks
Press: ? - help, Q - select action, (/) - cycle Shift-Dir - straight line, f/p - Pargi
Aim: Pargi (lightly wounded, 50% to hit)
You throw a large rock. The large rock hits Pargi!
Pargi is heavily wounded.
You hear a splash.
Pargi bites you but does no damage. Pargi claws you but does no damage.
Pargi claws you.
* * * LOW HITPOINT WARNING * * *
Pargi barely misses you. You block Pargi's attack. Pargi claws you.
* * * LOW HITPOINT WARNING * * *
Throw: 3 large rocks
Press: ? - help, Q - select action, (/) - cycle Shift-Dir - straight line, f/p - Pargi
Aim: Pargi (moderately wounded, 50% to hit)
You throw a large rock. The large rock barely misses Pargi.
You hear a splash.
Pargi barely misses you. Pargi closely misses you. Pargi claws you.
* * * LOW HITPOINT WARNING * * *
You block Pargi's attack. Pargi claws you.
* * * LOW HITPOINT WARNING * * *
Pargi barely misses you.
Throw: 2 large rocks
Press: ? - help, Q - select action, (/) - cycle Shift-Dir - straight line, f/p - Pargi
Aim: Pargi (moderately wounded, 50% to hit)
You throw a large rock. The large rock hits Pargi.
Pargi is moderately wounded.
You hear a splash.
You block Pargi's attack. Pargi claws you but does no damage.
Pargi barely misses you.
Pargi snarls, "My home!
Leave!"
Pargi bites you!
You die...

##≈≈≈≈≈≈≈≈≈≈≈~~######..~≈≈≈≈≈≈≈≈≈
#≈≈≈≈≈≈≈≈≈≈~.### ###~~~≈≈≈≈≈≈≈
#≈≈≈≈≈≈≈≈~..## #.#.~≈≈≈≈≈≈
≈≈≈≈≈≈≈≈~#### #####~≈≈≈≈≈
≈≈≈≈≈≈≈~## ##~≈≈≈≈ ≈≈≈≈≈≈≈~.#
#.~≈≈≈≈ ≈≈≈≈≈≈≈~## ##### #.≈≈≈≈≈
≈≈≈≈≈≈≈~#######??!# ##~≈≈≈≈≈
≈≈≈≈≈≈≈≈.(.~..~T@!# ##~≈≈≈≈≈≈
≈≈≈≈≈≈≈~#######!!!# #∩≈≈≈≈≈≈≈
≈≈≈≈≈≈≈~# ##### #.∩≈≈≈≈≈≈≈
≈≈≈≈≈≈~## ###~≈≈≈≈≈≈ ≈≈≈≈≈≈†##
##.≈≈≈≈≈ ≈≈≈≈≈≈≈.## .≈≈≈≈≈≈
≈≈≈≈≈≈≈≈.### ≈≈≈≈≈≈≈
≈≈≈≈≈≈≈≈~..### ≈≈≈≈≈≈
≈≈≈≈≈≈≈≈≈~...# ≈≈≈≈≈


You could see Pargi.

Vanquished Creatures
  2 adders (D:2)
  2 worms
  8 ball pythons
  4 bats
  5 endoplasms (D:1)
  4 giant cockroaches
  4 goblins
  2 hobgoblins (D:1)
  9 frilled lizards
  6 kobolds
  8 rats (D:1)
54 creatures vanquished.

Notes
Turn   | Place    | Note
-------+----------+-------------------------------------------
     0 | D:1      | Smoke131 the Ogre Gladiator began the quest for the Orb.
     0 | D:1      | Reached XP level 1. HP: 22/22 MP: 1/1
    28 | D:1      | Found Ginufishri's Armour Emporium.
   197 | D:1      | Reached XP level 2. HP: 29/31 MP: 2/2
   466 | D:1      | Found a faded altar of an unknown god.
   531 | D:1      | Found Dybic's Antique Armour Boutique.
   615 | D:1      | Found Qoduzi's Assorted Antiques.
   701 | D:1      | Reached XP level 3. HP: 37/37 MP: 3/3
  1328 | D:2      | Reached XP level 4. HP: 48/48 MP: 4/4
  1885 | D:3      | Found a glowing drain.
  1906 | Sewer    | Entered a sewer
  1956 | Sewer    | Reached skill level 1 in Shields
  1975 | Sewer    | Noticed Pargi
  2012 | Sewer    | Slain by Pargi

Illustrated notes

Levels and vault maps discovered:
D:1:      mainiacjoe_arrival_reflecting_pool, layout_loops_cross, serial_shops,
          shop_fountains, shop, shop_statue, dreamdust_ecumenical_altar_grove,
          minivault_24, due_unseen_surprise
D:2:      layout_basic, kennysheep_generic_room_15
D:3:      layout_basic, tso_altar, portal_sewer_entry_a
Sewer:    sewer_co_pargi_island

Skill      XL: |  1  2  3  4 |
---------------+-------------+-----
Fighting       | 3 |  3.8
Dodging        | 3 |  3.0
Shields        | 1 |  1.0
Axes           | |  3.5
Throwing       | |  2.8

Action                   |  1- 3 |  4- 6 || total
-------------------------+-------+-------++-------
Melee: War axe           |    84 |    64 ||   148
Throw: Large rock        |       |     6 ||     6
       Throwing net      |       |     1 ||     1
Armor: Robe              |    32 |    46 ||    78
Dodge: Dodged            |    59 |    49 ||   108
Block: Kite shield       |     3 |    34 ||    37
